 Dungeon Crawl Stone Soup version 0.28.0-45-g0d030f2227 (webtiles) character file.

Game seed: 17122529282489074372

1604 protoss039 the Magician (level 8, -3/45 HPs)
             Began as a Deep Elf Earth Elementalist on Apr 6, 2022.
             Was an Initiate of Sif Muna.
             Slain by a two-headed ogre
             ... wielding a +0 giant club
              (12 damage)
             ... on level 6 of the Dungeon.
             The game lasted 00:08:30 (6557 turns).

protoss039 the Magician (DEEE)                      Turns: 6557, Time: 00:08:31

Health: -3/45      AC:  5    Str:  5    XL:     8   Next: 63%
Magic:  5/20       EV: 13    Int: 23    God:    Sif Muna [......]
Gold:   232        SH:  0    Dex: 15    Spells: 11/21 levels left

rFire   . . .      SeeInvis +   p - +3 dagger (venom)
rCold   . . .      Faith    .   (no shield)
rNeg    . . .      Spirit   .   b - +0 robe
rPois   .          Reflect  .   y - +1 helmet {SInv}
rElec   .          Harm     .   (no cloak)
rCorr   .          Rampage  .   i - +0 pair of gloves
Will    .....                   (no boots)
Stlth   ++........              (no amulet)
HPRegen 0.15/turn               (no ring)
MPRegen 0.17/turn               (no ring)

@: no status effects
A: no striking features
a: Renounce Religion


You were on level 6 of the Dungeon.
You worshipped Sif Muna.
Sif Muna was noncommittal.
You visited 2 branches of the dungeon, and saw 7 of its levels.

You collected 232 gold pieces.

Inventory:

Hand Weapons
 p - a +3 dagger of venom (weapon)
 z - a +4 trident
Missiles
 c - 123 stones
Armour
 b - a +0 robe (worn)
 i - a +0 pair of gloves (worn)
 y - a +1 helmet of see invisible (worn)
Magical Staves
 t - a staff of death
Wands
 s - a wand of charming (12)
 w - a wand of flame (9)
Scrolls
 f - 4 scrolls of teleportation
 g - a scroll of immolation
 j - 4 scrolls of enchant weapon
 k - 3 scrolls of torment {unknown}
 l - a scroll of noise {unknown}
 m - 2 scrolls of blinking {unknown}
 q - a scroll of magic mapping {unknown}
 u - a scroll of silence {unknown}
 v - a scroll of amnesia {unknown}
Potions
 a - 2 potions of curing {unknown}
 d - 4 potions of attraction {unknown}
 e - 2 potions of mutation {unknown}
 h - a potion of magic {unknown}
 n - a potion of flight {unknown}
 o - 3 potions of invisibility {unknown}
 r - 2 potions of ambrosia {unknown}
 x - a potion of lignification {unknown}
 A - 2 potions of degeneration {unknown}


   Skills:
 * Level 2.7 Fighting
 - Level 3.0 Dodging
 - Level 3.0 Stealth
 + Level 7.0 Spellcasting
 + Level 4.2 Conjurations
 + Level 5.3 Transmutations
 + Level 6.2 Earth Magic
 * Level 3.7 Invocations


You had 11 spell levels left.
You knew the following spells:

 Your Spells              Type           Power      Damage    Failure   Level
a - Sandblast             Erth           72%        2d16      1%          1
b - Passwall              Tmut/Erth      28%        N/A       1%          2
c - Stone Arrow           Conj/Erth      64%        3d11      2%          3
d - Petrify               Tmut/Erth      34%        N/A       7%          4

Your spell library contained the following spells:

 Spells                   Type           Power      Damage    Failure   Level


Dungeon Overview and Level Annotations

Branches:
Dungeon (6/15)             Temple (1/1) D:5

Altars:
Ashenzari
Cheibriados
Dithmenos
Elyvilon
Fedhas
Gozag
Hepliaklqana
Kikubaaqudgha
Makhleb
Nemelex Xobeh
Okawaru
Qazlal
Sif Muna
Trog
Uskayaw
Vehumet
Wu Jian
Xom
Yredelemnul
Zin
The Shining One


Message History

Aim: a two-headed ogre, wielding two +0 giant clubs (wandering, hasn't noticed you, 88% to hit)
The stone arrow hits the two-headed ogre!
The two-headed ogre is moderately wounded.
The two-headed ogre shouts in stereo!
Casting: Stone Arrow (dangerous; 2% risk of failure)
Confirm with . or Enter, or press ? or * to list all spells.
Aiming: Stone Arrow (dangerous; 2% risk of failure)
Press: ? - help, Shift-Dir - straight line, f/p - two-headed ogre
Aim: a two-headed ogre, wielding two +0 giant clubs (moderately wounded, 88% to hit)
The stone arrow misses the two-headed ogre.
Unknown command.
Casting: Stone Arrow (dangerous; 2% risk of failure)
Confirm with . or Enter, or press ? or * to list all spells.
Aiming: Stone Arrow (dangerous; 2% risk of failure)
Press: ? - help, Shift-Dir - straight line, f/p - two-headed ogre
Aim: a two-headed ogre, wielding two +0 giant clubs (moderately wounded, 88% to hit)
The stone arrow hits the two-headed ogre!
The two-headed ogre is heavily wounded.
Unknown command.
Casting: Stone Arrow (dangerous; 2% risk of failure)
Confirm with . or Enter, or press ? or * to list all spells.
Aiming: Stone Arrow (dangerous; 2% risk of failure)
Press: ? - help, Shift-Dir - straight line, f/p - two-headed ogre
Aim: a two-headed ogre, wielding two +0 giant clubs (heavily wounded, 88% to hit)
The stone arrow hits the two-headed ogre!!
The two-headed ogre is severely wounded.
The two-headed ogre hits you with a +0 giant club!
The two-headed ogre hits you but does no damage.
Unknown command.
Casting: Stone Arrow (dangerous; 2% risk of failure)
Confirm with . or Enter, or press ? or * to list all spells.
Aiming: Stone Arrow (dangerous; 2% risk of failure)
Press: ? - help, Shift-Dir - straight line, f/p - two-headed ogre
Aim: a two-headed ogre, wielding two +0 giant clubs (severely wounded, 88% to hit)
The stone arrow misses the two-headed ogre.
The two-headed ogre hits you with a +0 giant club!!
Ouch! That really hurt!
* * * LOW HITPOINT WARNING * * *
The two-headed ogre hits you with a +0 giant club!
You die...

..# #..........# ..##+##
###......†...# ......#
##+###....####....#
##....######....#....#
#....#
.#....#.........#....#
#....#
.#....'...##....#....##
#....#
.#....######....#.....#
######
##.........#....#.....#
.##+##.....#...O@.....#
.....#.....#....#.....#
.....'.....#....#.....#
.....#...[.##..##.....#
.##+##......#..#.....##
.##..#......#..#...).#
.+...#......#..#.....#
.#...#......#..#..<..#####
.#...#....#######........#


You could see a two-headed ogre.

Vanquished Creatures
  An ice beast (D:6)
  4 necrophages
  4 ogres
  A phantom (D:4)
  2 scorpions (D:6)
  3 wights (D:6)
  A howler monkey (D:5)
  A centaur zombie (D:5)
  2 hounds
  A centaur skeleton (D:6)
  6 iguanas
  2 orc wizards
  3 gnolls (D:5)
  3 adders
  A howler monkey skeleton (D:6)
  An ufetubus (D:5)
  2 adder skeletons
  3 dart slugs
  5 orcs
  6 ball pythons
  8 endoplasms
  6 giant cockroaches
  6 goblins
  5 hobgoblins
  6 kobolds
  A quokka (D:3)
  5 bats
  2 frilled lizards
  3 rats
94 creatures vanquished.

Notes
Turn   | Place    | Note
-------+----------+-------------------------------------------
     0 | D:1      | protoss039 the Deep Elf Earth Elementalist began the quest
                  | for the Orb.
     0 | D:1      | Reached XP level 1. HP: 10/10 MP: 6/6
   250 | D:1      | Reached XP level 2. HP: 8/15 MP: 1/8
  1039 | D:1      | Learned a level 2 spell: Passwall
  2171 | D:2      | Reached XP level 3. HP: 19/19 MP: 6/10
  2175 | D:2      | Learned a level 3 spell: Stone Arrow
  2455 | D:3      | Reached skill level 4 in Spellcasting
  2455 | D:3      | Reached XP level 4. HP: 13/24 MP: 0/12
  3033 | D:3      | Found a faded altar of an unknown god.
  3239 | D:4      | Learned a level 4 spell: Petrify
  3273 | D:4      | Reached XP level 5. HP: 28/28 MP: 13/13
  3495 | D:4      | Noticed a phantom
  3499 | D:4      | Killed a phantom
  3500 | D:4      | Reached skill level 5 in Spellcasting
  3500 | D:4      | Reached skill level 1 in Conjurations
  3548 | D:4      | Noticed a necrophage
  3553 | D:4      | Killed a necrophage
  3554 | D:4      | Reached XP level 6. HP: 32/32 MP: 10/15
  3692 | D:4      | Reached skill level 5 in Earth Magic
  4475 | D:5      | Entered Level 5 of the Dungeon
  4489 | D:5      | Reached XP level 7. HP: 36/36 MP: 6/17
  4675 | D:5      | Reached skill level 6 in Spellcasting
  4727 | D:5      | Reached skill level 1 in Fighting
  4773 | D:5      | Found a staircase to the Ecumenical Temple.
  4789 | Temple   | Entered the Ecumenical Temple
  4886 | Temple   | Became a worshipper of Sif Muna the Loreminder
  5250 | D:5      | Reached skill level 1 in Invocations
  5556 | D:6      | Reached XP level 8. HP: 43/43 MP: 12/19
  5771 | D:6      | Reached skill level 5 in Transmutations
  5865 | D:6      | Noticed a two-headed ogre
  6458 | D:6      | Reached skill level 7 in Spellcasting
  6557 | D:6      | Slain by a two-headed ogre

Illustrated notes

Levels and vault maps discovered:
D:1:      dpeg_arrival_windows_large_door, layout_loops_ring
D:2:      layout_basic, grunt_ministairs_8
D:3:      layout_loops_ring, chequers_ecumenical_altar_simple_redux,
          minmay_misc_feat_cross
D:4:      layout_rooms, serial_rivers, chequers_serial_rivers_micro_a,
          chequers_serial_rivers_large_a, chequers_serial_rivers_micro_a,
          chequers_serial_rivers_room_b
D:5:      layout_loops_ring, minmay_temple_entry_sparse_star,
          corexii_corridor_pit, minmay_misc_feat_doors
D:6:      layout_gridville
Temple:   compressed_dpeg_circular_temple

Skill      XL: |  1  2  3  4  5  6  7  8 |
---------------+-------------------------+-----
Stealth        | 3 |  3.0
Dodging        | 3 |  3.0
Transmutations | 2 3 4 5 |  5.3
Spellcasting   | 4 5 6 7 |  7.0
Earth Magic    | 4 5 6 |  6.2
Conjurations   | 1 2 3 4 |  4.2
Fighting       | 1 2 |  2.7
Invocations    | 2 3 |  3.7

Action                   |  1- 3 |  4- 6 |  7- 9 || total
-------------------------+-------+-------+-------++-------
Melee: Whip              |    21 |       |       ||    21
       Unarmed           |     1 |       |       ||     1
       Dagger            |    40 |    35 |       ||    75
       Punch             |     2 |       |       ||     2
 Cast: Sandblast         |    26 |    33 |    13 ||    72
       Stone Arrow       |     1 |    12 |    46 ||    59
  Use: Scroll            |       |     3 |       ||     3
 Stab: Sleeping          |     5 |     7 |       ||    12
Armor: Robe              |    13 |     4 |     2 ||    19
Dodge: Dodged            |    37 |    20 |     6 ||    63
